 Dungeon Crawl Stone Soup version 5.6-9-g014c5a2 (webtiles) character file.

524 abdallah the Spry (level 16, -1/105 HPs) *CASUAL*
             Began as a Deep Elf Wizard on July 8, 2018.
             Was a High Priest of Sif Muna.
             Slain by a sixfirhy (11 damage)
             ... summoned by an orc high priest
             ... on level 2 of the Orcish Mines.
             The game lasted 01:46:14 (16229 turns).

abdallah the Spry (Deep Elf Wizard)                Turns: 16229, Time: 01:46:14

Health: -1/105     AC:  9 (24%)Str:  4  XL:     16   Next: 90%
Magic:  16/17      EV: 26    Int: 36    God:    Sif Muna [5*[154]]
Gold:   1860       SH:  6    Dex: 13    Spells: 9/39 levels left

rFire    . . .     SeeInvis .   (no weapon)
rCold    . . .     Faith    +   c - +0 buckler
rNeg     . . .     Spirit   .   F - +0 steam dragon scales
rPois    .         Reflect  .   m - +1 helmet {MR+}
rElec    .                      W - +0 cloak
rCorr    .                      v - +0 pair of gloves
MR       ++...                  (no boots)
Stlth    +++++.....             Q - amulet of faith
Regen    1.0/turn               S - +5 ring of intelligence
MPRegen  0.3/turn               x - +3 ring of evasion

@: regenerating, deflect missiles
A: camouflage, magic attunement
a: End Regeneration, End Battlesphere, End Spellforged Servitor, Stop Repelling
Missiles, Divine Energy, Channel Magic, Forget Spell, Renounce Religion


You were on level 2 of the Orcish Mines.
You worshipped Sif Muna.
Sif Muna was extremely pleased with you.
You were not hungry.

You visited 3 branches of the dungeon, and saw 18 of its levels.
You visited the bazaar 1 time.
You also visited: Sewer.

You collected 1860 gold pieces.

Inventory:

Missiles
 g - 4 tomahawks (quivered)
 j - 4 tomahawks of dispersal
 A - 251 poisoned darts
 K - 66 javelins
 R - 16 curare darts
Armour
 c - a +0 buckler (worn)
 m - a +1 helmet of magic resistance (worn)
 v - a +0 pair of gloves (worn)
 F - +0 steam dragon scales (worn)
 W - a +0 cloak (worn)
 Y - a +1 shield of fire resistance
Magical Staves
 b - an uncursed staff of fire
Jewellery
 t - an uncursed ring of fire
 x - a +3 ring of evasion (right hand)
 E - a +3 ring of evasion
 H - an uncursed ring of poison resistance
 L - an uncursed ring of ice
 Q - an amulet of faith (around neck)
 S - a +5 ring of intelligence (left hand)
 X - an uncursed ring of protection from magic
 Z - an uncursed ring of resist corrosion
Wands
 a - a wand of acid (12)
 s - a wand of digging (11)
 y - a wand of clouds (3)
 I - a wand of paralysis (18)
 M - a wand of lightning (6)
 N - a wand of flame (11)
 O - a wand of confusion (10)
 T - a wand of enslavement (13)
Scrolls
 f - 7 scrolls of amnesia
 i - 9 scrolls of teleportation
 k - 7 scrolls of enchant weapon
 l - 4 scrolls of magic mapping
 p - 4 scrolls of enchant armour
 q - a scroll of fear
 u - a scroll of brand weapon
 C - a scroll of silence
 J - a scroll of fog
 U - a scroll of blinking
Potions
 d - 2 potions of haste
 e - 8 potions of flight
 h - 6 potions of heal wounds
 n - 2 potions of ambrosia
 o - 2 potions of mutation
 r - 3 potions of augmentation
 w - 2 potions of invisibility
 z - 3 potions of magic
 B - 3 potions of resistance
 D - 2 potions of berserk rage
 G - a potion of cancellation
 P - 3 potions of lignification


   Skills:
 + Level 13.8 Fighting
 - Level 16.0 Dodging
 - Level 2.4 Stealth
 + Level 8.4 Shields
 - Level 1.3(3.3) Hexes
 - Level 13.1(15.1) Charms
 - Level 13.1(15.1) Summonings
 - Level 1.2(3.2) Necromancy
 - Level 4.7(6.7) Translocations
 + Level 2.9(4.9) Transmutations
 - Level 8.1(10.1) Fire Magic
 - Level 5.0(7.0) Air Magic
 - Level 1.1(3.1) Earth Magic
 - Level 10.0 Invocations


You had 9 spell levels left.
You knew the following spells:

 Your Spells              Type           Power        Failure   Level  Hunger
a - Magic Dart            Air            25 (25)      1%          1    N/A
b - Blink                 Tloc           N/A          1%          2    N/A
c - Conjure Flame         Fire/Air       58 (100)     1%          3    N/A
d - Call Canine Familiar  Summ           83 (100)     1%          3    N/A
e - Regeneration          Chrm/Necr      60 (200)     1%          3    N/A
f - Iskenderun's Battles  Chrm/Summ      83 (100)     1%          5    N/A
g - Spellforged Servitor  Summ           83 (200)     11%         7    N/A
h - Deflect Missiles      Chrm/Air       68 (200)     11%         6    N/A

Your spell library contained the following spells:

 Spells                   Type           Power        Failure   Level  Hunger
 Cause Fear               Hex            24 (200)     16%         4    N/A
 Bolt of Fire             Fire           64 (200)     16%         6    N/A
 Slow                     Hex            24 (100)     2%          2    N/A
 Ring of Flames           Chrm/Fire      74 (200)     30%         7    N/A
 Teleport Other           Tloc           48 (100)     1%          3    N/A
 Summon Small Mammal      Summ           25 (25)      0%          1    N/A
 Bolt of Draining         Necr           23 (200)     43%         5    N/A
 Fire Storm               Fire           64 (200)     100%        9    N/A
 Animate Dead             Necr           23 (200)     17%         4    N/A
 Pain                     Necr           23 (25)      1%          1    N/A
 Control Undead           Necr           23 (200)     17%         4    N/A
 Vampiric Draining        Necr           23 (200)     4%          3    N/A
 Ozocubu's Refrigeration  Ice            14 (200)     100%        7    N/A
 Ozocubu's Armour         Chrm/Ice       58 (100)     1%          4    N/A
 Dispel Undead            Necr           23 (100)     43%         5    N/A
 Sublimation of Blood     Necr           23 (200)     2%          2    N/A
 Agony                    Necr           23 (100)     43%         5    N/A
 Passwall                 Tmut/Erth      29 (200)     1%          2    N/A
 Summon Butterflies       Summ           83 (100)     0%          1    N/A
 Corona                   Hex            24 (90)      1%          1    N/A
 Conjure Ball Lightning   Air            50 (200)     97%         7    N/A
 Chain Lightning          Air            50 (200)     100%        8    N/A
 Excruciating Wounds      Chrm/Necr      60 (200)     4%          5    N/A
 Portal Projectile        Hex/Tloc       36 (50)      2%          3    N/A
 Passage of Golubria      Tloc           N/A          4%          4    N/A
 Orb of Destruction       Erth           22 (200)     100%        7    N/A
 Leda's Liquefaction      Hex/Erth       23 (200)     17%         4    N/A
 Summon Hydra             Summ           83 (200)     11%         7    N/A
 Fulminant Prism          Air            50 (200)     10%         5    N/A
 Infusion                 Chrm           25 (25)      0%          1    N/A
 Song of Slaying          Chrm           83 (100)     1%          2    N/A
 Spectral Weapon          Chrm/Summ      83 (100)     1%          5    N/A
 Summon Forest            Summ/Tloc      68 (200)     1%          5    N/A
 Summon Lightning Spire   Summ/Air       68 (100)     1%          4    N/A
 Lesser Beckoning         Tloc           48 (100)     1%          3    N/A

Dungeon Overview and Level Annotations

Branches:
Dungeon (15/15)            Spider (0/3) Orc:2           Orc (2/2) D:15
 Vaults (0/3) D:15         Depths (0/3) D:15         Bazaar (1/1)
  Swamp: Orc:2       Shoals: Orc:2        Slime: Orc:2

Altars:
Cheibriados
Dithmenos
Elyvilon
Gozag
Jiyva
Kikubaaqudgha
Lugonu
Makhleb
Nemelex Xobeh
Okawaru
Qazlal
Ru
Sif Muna
Trog
Uskayaw
Vehumet
Wu Jian
Xom
Yredelemnul
Zin
The Shining One

Shops:
Bazaar (!!*?


Innate Abilities, Weirdness & Mutations

Your non-sustained spells cost 1 less MP to cast Your skin blends seamlessly with your surroundings (Stealth+++).


Message History

Aiming: Magic Dart (safe; 1% risk of failure)
Press: ? - help, Shift-Dir - straight line, f/p - orc high priest
Aim: an orc high priest (moderately wounded)
The magic dart hits the orc priest (0).
Your battlesphere fires!
The barrage of energy hits the orc high priest (14).
The orc high priest is heavily wounded.
The orc priest calls upon Beogh to heal the orc high priest.
The orc high priest is healed somewhat.
Casting: Magic Dart (safe; 1% risk of failure)
Confirm with . or Enter, or press ? or * to list all spells.
Aiming: Magic Dart (safe; 1% risk of failure)
Press: ? - help, Shift-Dir - straight line, f/p - orc high priest
Aim: an orc high priest (heavily wounded)
The magic dart hits the orc high priest (2).
The orc high priest is heavily wounded.
The sixfirhy hits you (12)!
* * * LOW HITPOINT WARNING * * *
The sixfirhy shocks you (11)!
You die...

#......................
.##..##....##...........
........................
.....*8.................
######.)######.........>
#oo# #.......... #.o# .
#o3# #o@# ........#
8...8.... ........##
........# ##.###..# #.
#..# # #..#


You could see an orc high priest, a sixfirhy, 2 orc priests, 2 orcs, a friendly
spellforged servitor and a friendly battlesphere.

Vanquished Creatures
  Rupert (D:12)
  Louise (D:15)
  A stone giant (D:15)
  Nessos (D:13)
  A dire elephant (D:15)
  Snorg (D:13)
  A vault guard (D:15)
  A hydra (D:12)
  2 centaur warriors (D:13)
  Erica (Orc:1)
  9 death yaks
  3 tengu warriors (D:14)
  10 two-headed ogres
  3 ogre magi
  5 orc high priests
  Urug (D:12)
  Nergalle (D:12)
  An unseen horror (D:14)
  Pikel (D:5)
  A wolf spider (D:15)
  A wizard (D:15)
  2 orc sorcerers (Orc:1)
  3 deep elf magi
  13 ugly things
  3 cyclopes
  4 manticores
  3 black mambas
  4 centaur zombies
  2 gargoyles
  4 spiny frogs
  A freezing wraith (D:15)
  2 tengu conjurers (D:14)
  Grinder (D:5)
  A polar bear (D:8)
  5 trolls
  4 blink frogs (D:11)
  4 slime creatures (D:15)
  4 wyverns
  3 shadows
  5 hogs (D:15)
  5 yaks (D:9)
  A black mamba skeleton (D:11)
  2 steam dragons
  2 angry ghosts
  2 vampires
  3 wraiths
  3 acid dragons
  2 water moccasins
  4 wargs
  5 ice beasts
  20 orc warriors
  4 slaves (D:5)
  A spiny frog skeleton (D:9)
  3 wasps
  A boggart (D:15)
  16 ogres
  15 centaurs
  A rime drake zombie (D:11)
  2 blink frog skeletons
  2 big kobolds (D:8)
  Blork the orc (D:5)
  5 bullfrogs
  2 wyvern zombies (D:14)
  2 gnoll sergeants
  2 wyvern skeletons
  4 scorpions
  12 killer bees
  6 wights
  A crimson imp (D:8)
  5 howler monkeys
  3 quasits (D:5)
  5 hounds
  A bullfrog skeleton (D:7)
  2 gnoll shamans (D:8)
  14 orc priests
  6 centaur skeletons
  3 jellies
  16 orc wizards
  5 worker ants
  5 iguanas
  A wasp simulacrum (D:8)
  A hound zombie (D:7)
  2 hound skeletons
  A howler monkey zombie (D:5)
  A killer bee simulacrum (D:8)
  A worker ant zombie (D:5)
  Samantha (D:2)
  15 adders
  15 gnolls
  A shadow imp (D:7)
  An ooze (D:6)
  An adder skeleton (D:4)
  3 dart slugs (D:1)
  55 orcs
  3 quokkas
  8 ball pythons
  5 giant cockroaches
  17 goblins
  21 hobgoblins
  9 jackals
  12 kobolds
  8 bats
  12 frilled lizards
  A quokka skeleton (D:4)
  33 rats
  A spectral orc (D:4)
  2 plants (D:8)
540 creatures vanquished.

Vanquished Creatures (collateral kills)
  Kirke (D:15)
  3 two-headed ogres
  An unseen horror (D:15)
  A flayed ghost (D:15)
  5 ugly things (D:14)
  A centaur zombie (D:14)
  A centaur skeleton (D:15)
  An efreet (D:15)
  3 slime creatures (D:15)
  A shadow (D:15)
  A wyvern (D:14)
  4 wargs
  A blink frog skeleton (D:15)
  3 orc priests (D:15)
  An orc wizard (D:15)
  2 orcs
30 creatures vanquished.

Vanquished Creatures (others)
  A bush (D:15)
  2 fungi
  2 plants (D:15)
5 creatures vanquished.

Grand Total: 575 creatures vanquished

Notes
Turn   | Place    | Note
-------+----------+-------------------------------------------
     0 | D:1      | abdallah the Deep Elf Wizard began the quest for the Orb.
     0 | D:1      | Reached XP level 1. HP: 10/10 MP: 4/4
    22 | D:1      | Reached XP level 2. HP: 15/16 MP: 6/6
    43 | D:1      | Reached skill level 1 in Fighting
   166 | D:1      | Reached skill level 3 in Dodging
   511 | D:1      | Reached XP level 3. HP: 20/20 MP: 8/8
   537 | D:1      | Learned a level 2 spell: Blink
   538 | D:1      | Learned a level 3 spell: Conjure Flame
   946 | D:1      | Reached XP level 4. HP: 26/26 MP: 10/10
  1042 | D:1      | Reached skill level 4 in Dodging
  1458 | D:2      | Reached XP level 5. HP: 30/30 MP: 12/12
  1488 | D:2      | Found an iron altar of Okawaru.
  1524 | D:2      | Found a deep blue altar of Sif Muna.
  1527 | D:2      | Reached skill level 5 in Dodging
  1540 | D:2      | Became a worshipper of Sif Muna the Loreminder
  1630 | D:2      | Reached XP level 6. HP: 36/36 MP: 14/14
  1708 | D:2      | Found a faded altar of an unknown god.
  1721 | D:2      | Noticed Samantha
  1730 | D:2      | Killed Samantha
  1809 | D:2      | Found an ornate altar of the Wu Jian Council.
  1921 | D:2      | Found a glowing silver altar of Zin.
  2011 | D:2      | Found a glowing golden altar of the Shining One.
  2011 | D:2      | Found a corrupted altar of Lugonu.
  2012 | D:2      | Found a radiant altar of Vehumet.
  2012 | D:2      | Found a stormy altar of Qazlal.
  2069 | D:2      | Gained mutation: Your skin blends seamlessly with your surroundings (Stealth+++). [mutagenic hatch]
  2172 | D:3      | Reached * piety under Sif Muna
  2338 | D:3      | Reached skill level 6 in Dodging
  2342 | D:3      | Reached XP level 7. HP: 41/41 MP: 16/16
  2988 | D:4      | Found a sparkling altar of Nemelex Xobeh.
  3097 | D:4      | Reached skill level 7 in Dodging
  3098 | D:4      | Found a white marble altar of Elyvilon.
  3146 | D:4      | Reached XP level 8. HP: 48/48 MP: 18/18
  3161 | D:4      | Reached ** piety under Sif Muna
  3307 | D:4      | Found a shimmering altar of Xom.
  3405 | D:4      | Found a burning altar of Makhleb.
  3411 | D:4      | Reached skill level 5 in Air Magic
  3487 | D:4      | Found a basalt altar of Yredelemnul.
  3565 | D:4      | Found a snail-covered altar of Cheibriados.
  3645 | D:5      | Entered Level 5 of the Dungeon
  3813 | D:5      | Reached skill level 5 in Fighting
  3829 | D:5      | Found a viscous altar of Jiyva.
  3855 | D:5      | Found a glowing drain.
  3864 | D:5      | Reached skill level 8 in Dodging
  3880 | Sewer    | Entered a sewer
  4398 | Sewer    | Reached XP level 9. HP: 26/54 MP: 21/21
  4577 | Sewer    | Learned a level 3 spell: Call Canine Familiar
  4813 | D:5      | Found an ancient bone altar of Kikubaaqudgha.
  4940 | D:5      | Noticed Blork the orc
  4969 | D:5      | Killed Blork the orc
  4969 | D:5      | Reached skill level 9 in Dodging
  5005 | D:5      | Reached *** piety under Sif Muna
  5257 | D:5      | Noticed Grinder
  5270 | D:5      | Killed Grinder
  5424 | D:5      | Noticed a moth of wrath
  5427 | D:5      | Found a bloodstained altar of Trog.
  5522 | D:5      | Noticed Pikel
  5558 | D:5      | Killed Pikel
  5558 | D:5      | Reached skill level 10 in Dodging
  5558 | D:5      | Reached XP level 10. HP: 61/61 MP: 21/23
  5660 | D:6      | Found a sacrificial altar of Ru.
  5699 | D:6      | Found an opulent altar of Gozag.
  5864 | D:6      | Got the Incunabulum of the Flying Entourage
  5870 | D:6      | Learned a level 3 spell: Regeneration
  5883 | D:6      | Found a shadowy altar of Dithmenos.
  5913 | D:6      | Reached skill level 1 in Charms
  5913 | D:6      | Reached skill level 5 in Invocations
  6265 | D:7      | Reached **** piety under Sif Muna
  6385 | D:7      | Reached skill level 11 in Dodging
  6669 | D:7      | Noticed a dagger
  6669 | D:7      | Noticed a dagger
  6734 | D:7      | Found a hide-covered altar of Uskayaw.
  6968 | D:7      | Found a sparkling altar of Nemelex Xobeh.
  7532 | D:8      | Reached skill level 5 in Charms
  7532 | D:8      | Reached XP level 11. HP: 59/68 MP: 15/22
  7678 | D:8      | Reached ***** piety under Sif Muna
  7694 | D:8      | Received a gift from Sif Muna
  7732 | D:8      | Learned a level 5 spell: Iskenderun's Battlesphere
  7781 | D:8      | Noticed an orc high priest
  7842 | D:8      | Killed an orc high priest
  7976 | D:8      | Reached skill level 5 in Summonings
  8029 | D:8      | Reached skill level 12 in Dodging
  8212 | D:8      | Learned a level 7 spell: Spellforged Servitor
  9024 | D:8      | Noticed a two-headed ogre
  9214 | D:9      | Reached XP level 12. HP: 56/75 MP: 13/18
  9580 | D:10     | Entered Level 10 of the Dungeon
  9635 | D:10     | Reached skill level 13 in Dodging
 10696 | D:11     | Noticed an orc high priest
 10702 | D:11     | Killed an orc high priest
 10735 | D:11     | Reached skill level 10 in Invocations
 10892 | D:11     | Reached skill level 10 in Fighting
 10892 | D:11     | Reached skill level 14 in Dodging
 11027 | D:11     | Found a gateway to a bazaar.
 11097 | D:11     | Reached XP level 13. HP: 82/82 MP: 20/20
 11364 | Bazaar   | Entered a bazaar
 11371 | Bazaar   | Found Ruetruag's Distillery.
 11373 | Bazaar   | Found Icoasheu's General Store.
 11374 | Bazaar   | Found Aprehin's Magic Scroll Emporium.
 11414 | Bazaar   | Found Urchef's Distillery.
 11416 | Bazaar   | Found Eqeerch Yroim's Antique Weapon Emporium.
 11498 | D:12     | Found a shimmering altar of Xom.
 11506 | D:12     | Noticed Urug
 11514 | D:12     | Killed Urug
 11610 | D:12     | Reached skill level 15 in Dodging
 11791 | D:12     | Noticed Nergalle
 11803 | D:12     | Killed Nergalle
 11985 | D:12     | Noticed Rupert
 11997 | D:12     | Killed Rupert
 12073 | D:13     | Noticed Nessos
 12084 | D:13     | Killed Nessos
 12084 | D:13     | Reached skill level 16 in Dodging
 12084 | D:13     | Reached XP level 14. HP: 90/90 MP: 26/26
 12189 | D:13     | Received a gift from Sif Muna
 12190 | D:13     | Got Sif Muna's Collected Works on the Helpful Escort
 12233 | D:13     | Got the +1 robe of the Blacksmith {Slay+2 Stlth+}
 12301 | D:13     | Reached skill level 1 in Shields
 12341 | D:13     | Noticed Snorg
 12490 | D:13     | Killed Snorg
 12839 | D:13     | Reached skill level 10 in Summonings
 13116 | D:14     | Reached skill level 10 in Charms
 13424 | D:14     | Reached XP level 15. HP: 97/97 MP: 29/29
 13529 | D:14     | Reached skill level 5 in Shields
 13971 | D:15     | Entered Level 15 of the Dungeon
 14051 | D:15     | Received a gift from Sif Muna
 14053 | D:15     | Noticed Kirke
 14087 | D:15     | Killed Kirke
 14092 | D:15     | Found a staircase to the Depths.
 14252 | D:15     | Noticed Louise
 14313 | D:15     | Reached skill level 5 in Fire Magic
 14334 | D:15     | Reached XP level 16. HP: 46/104 MP: 20/22
 14406 | D:15     | Found a deep blue altar of Sif Muna.
 14570 | D:15     | Killed Louise
 14736 | D:15     | Got Sif Muna's Compendium of Dislocated Aid
 14738 | D:15     | Learned a level 6 spell: Deflect Missiles
 14983 | D:15     | Found a gate to the Vaults.
 15088 | D:15     | Found a staircase to the Orcish Mines.
 15592 | Orc:1    | Entered Level 1 of the Orcish Mines
 15660 | Orc:1    | Noticed Erica
 15664 | Orc:1    | Killed Erica
 16030 | Orc:2    | Entered Level 2 of the Orcish Mines
 16102 | Orc:2    | Received a gift from Sif Muna
 16172 | Orc:2    | Found a hole to the Spider Nest.
 16229 | Orc:2    | Slain by a sixfirhy

Skill      XL: |  1  2  3  4  5  6  7  8  9 10 11 12 13 14 15 16 |
---------------+-------------------------------------------------+-----
Fighting       | 1 2 3 4 5 6 7 8 10 11 12 13 | 13.8
Dodging        | 3 4 5 6 7 8 10 11 12 14 16 | 16.0
Air Magic      | 2 3 4 5 |  5.0
Translocations | 3 4 |  4.7
Fire Magic     | 3 5 8 |  8.1
Summonings     | 2 3 6 8 9 10 12 13 | 13.1
Invocations    | 4 6 8 10 | 10.0
Charms         | 5 7 10 13 | 13.1
Shields        | 4 6 8 |  8.4
Transmutations | 2 |  2.9
Stealth        | |  2.4
Hexes          | |  1.3
Necromancy     | |  1.2
Earth Magic    | |  1.1

Action                   |  1- 3 |  4- 6 |  7- 9 | 10-12 | 13-15 | 16-18 || total
-------------------------+-------+-------+-------+-------+-------+-------++-------
Melee: Dagger            |       |     1 |     2 |   444 |     1 |     1 ||   449
 Cast: Magic Dart        |    83 |   140 |   356 |   603 |   529 |   290 ||  2001
       Conjure Flame     |       |     1 |     6 |    13 |       |     1 ||    21
       Blink             |       |       |     2 |     1 |    15 |     2 ||    20
       Call Canine Famil |       |       |       |     1 |       |     1 ||     2
       Regeneration      |       |       |       |     1 |       |       ||     1
       Iskenderun's Batt |       |       |       |     1 |       |       ||     1
       Spellforged Servi |       |       |       |       |     1 |       ||     1
       Deflect Missiles  |       |       |       |       |       |     1 ||     1
  Use: Scroll            |       |       |       |     2 |     3 |       ||     5
       Potion            |       |       |       |       |       |     1 ||     1
 Stab: Sleeping          |       |       |     1 |     1 |       |     1 ||     3
Armor: Robe              |     8 |     2 |    15 |    11 |       |       ||    36
       Steam dragon scal |       |       |       |     4 |    28 |     5 ||    37
Dodge: Dodged            |    20 |    11 |   106 |   146 |   264 |    92 ||   639
       Deflected         |       |       |       |       |       |     3 ||     3
Block: Buckler           |       |       |       |       |    13 |    25 ||    38
